 Dungeon Crawl Stone Soup version 0.23-a0-261-g133332c (webtiles) character file.

2495 Amnesiac the Transmogrifier (level 9, -1/68 HPs)
             Began as a Demigod Transmuter on Sept 28, 2018.
             Collided with an adder (7 damage)
             ... caused by Harold
             ... on level 7 of the Dungeon on Sept 30, 2018.
             The game lasted 00:14:38 (6591 turns).

Amnesiac the Transmogrifier (Demigod Transmuter)    Turns: 6591, Time: 00:14:38

Health: -1/68      AC:  8    Str: 19    XL:     9   Next: 7%
Magic:  18/20      EV: 11    Int: 17    God:
Gold:   332        SH:  0    Dex: 16    Spells: 5/19 levels left

rFire    . . .     SeeInvis +     - Unarmed
rCold    . . .     Gourm    .   (no shield)
rNeg     . . .     Faith    .   B - +0 ring mail
rPois    +         Spirit   .   j - +2 hat
rElec    .         Reflect  .   (no cloak)
rCorr    .         Harm     .   (no gloves)
MR       .....                  k - +0 pair of boots
Stlth    +.........             (no amulet)
HPRegen  0.21/turn              y - ring of see invisible
MPRegen  0.17/turn              v - ring of poison resistance

@: no status effects
A: high mp 1
a: no special abilities


You were on level 7 of the Dungeon.
You were not hungry.

You visited 1 branch of the dungeon, and saw 7 of its levels.

You collected 332 gold pieces.

Inventory:

Missiles
 a - 26 arrows
Armour
 j - a +2 hat (worn)
 k - a +0 pair of boots (worn)
 B - a +0 ring mail (worn)
Jewellery
 m - an uncursed ring of fire
 v - a ring of poison resistance (right hand)
 y - a ring of see invisible (left hand)
 C - an uncursed ring of fire
Wands
 g - a wand of acid (4)
 x - a wand of paralysis (16)
Scrolls
 b - a scroll of enchant weapon {!r, unknown}
 c - 7 scrolls of remove curse {!r}
 e - 5 scrolls of teleportation {!r}
 l - 4 scrolls of fear {!r}
 o - a scroll of amnesia {!r}
Potions
 f - 2 potions of might {!q, unknown}
 i - a potion of agility {!q, unknown}
 n - 3 potions of curing {!q, unknown}
 p - 2 potions of heal wounds {!q, unknown}
 q - a potion of flight {!q, unknown}
 s - a potion of ambrosia {!q, unknown}
 w - a potion of lignification {!q, unknown}
 z - a potion of cancellation {!q}
 A - a potion of mutation {!q, unknown}
Comestibles
 d - 7 rations
 h - 2 chunks of flesh


   Skills:
 + Level 2.8 Fighting
 - Level 2.0 Armour
 - Level 2.0 Dodging
 * Level 4.9 Unarmed Combat
 - Level 5.5 Spellcasting
 - Level 8.5 Transmutations


You had 5 spell levels left.
You knew the following spells:

 Your Spells              Type           Power        Failure   Level  Hunger
b - Sticks to Snakes      Tmut           ####....     1%          2    #......
c - Spider Form           Tmut/Pois      ###.......   12%         3    ##.....
d - Ice Form              Ice/Tmut       ###.....     38%         4    ####...
e - Blade Hands           Tmut           ####......   21%         5    ######.

Your spell library contained the following spells:

 Spells                   Type           Power        Failure   Level  Hunger
 Beastly Appendage        Tmut           ####..       1%          1    None


Dungeon Overview and Level Annotations

Branches:
Dungeon (7/15)             Temple (0/1) D:4

Annotations:
D:6 2 transporters, TheNamelessOne's ghost, novice MiHu
D:7 Harold


Innate Abilities, Weirdness & Mutations

You have an increased reservoir of magic. (+10% MP)


Message History

You closely miss the killer bee.
The killer bee is almost dead.
The killer bee stings you.
Harold the Weathered comes into view.
He is wielding a glaive of venom.
You completely miss the killer bee.
The killer bee is almost dead.
Your transformation is almost over.
Harold shouts!
The killer bee closely misses you. The killer bee misses you.
You closely miss the killer bee.
The killer bee is severely wounded.
The killer bee stings you. The killer bee closely misses you.
You hit the killer bee.
You kill the killer bee!
The killer bee closely misses you.
You hit the killer bee.
The killer bee is lightly wounded.
The killer bee stings you. x2
You slice the killer bee!!
You kill the killer bee!
The killer bee barely misses you.
You closely miss the killer bee. The killer bee barely misses you.
You closely miss the killer bee. The killer bee stings you. x2
You miss the killer bee. The killer bee barely misses you.
The killer bee stings you but does no damage.
Evoke which item? (* to show all) (? for menu, Esc to quit)
Okay, then.
Evoke which item? (* to show all) (? for menu, Esc to quit)
Aiming: Corrosive Bolt
Press: ? - help, Shift-Dir - straight line, f - killer bee
Aim: a killer bee The bolt of acid misses the killer bee.
The bolt of acid hits Harold.
Harold is splashed with acid.
The acid corrodes Harold!
Harold is lightly wounded.
The bolt of acid misses the killer bee.
The killer bee closely misses you. The killer bee completely misses you.
Evoke which item? (* to show all) (? for menu, Esc to quit)
Aiming: Corrosive Bolt
Press: ? - help, Shift-Dir - straight line, f/p - killer bee
Aim: a killer bee The bolt of acid hits the killer bee.
The killer bee is splashed with acid.
The acid corrodes the killer bee!
You kill the killer bee!
The bolt of acid hits Harold.
Harold is splashed with acid.
Harold is moderately wounded.
The bolt of acid hits the killer bee.
The killer bee is splashed with acid.
The killer bee is severely wounded.
Your hands revert to their normal proportions.
Harold hits you from afar with a glaive of venom!
Harold hits you with a glaive of venom!!
* * * LOW HITPOINT WARNING * * *
Things that are here:
a killer bee corpse x2
Casting: Blade Hands (quite dangerous; 21% risk of failure)
Confirm with . or Enter, or press ? or * to list all spells.
You create 2 snakes!
You now have 26 arrows.
You swap places.
Harold is no longer covered in acid.
Harold gestures at you while chanting. The harpoon shot misses your adder.
The harpoon shot hits you!
* * * LOW HITPOINT WARNING * * *
You are yanked forward by the harpoon shot.
You collide with your adder!
Your adder dies!
You die...

###.# #.# #.#
..#.#####.###.#
#.#.....÷..##.#
#.#######..##.#
....#####..##.###
#........)......+
#.#.#######...### .
...............######...#
..#.#.######...S@†@y.....
#............>.#######.##
###.#.########... .#...
##### .# ... .+ ... ##
...


You could see Harold, a killer bee and a friendly ball python.

Vanquished Creatures
  Pikel (D:4)
  The ghost of galech the Covered, a novice DsFi of Okawaru (D:5)
  Grinder (D:4)
  Sigmund (D:2)
  Eustachio (D:6)
  Menkaure (D:4)
  An ice beast (D:7)
  A necrophage (D:7)
  3 slaves (D:4)
  A centaur (D:6)
  Blork the orc (D:4)
  A scorpion (D:6)
  4 killer bees (D:7)
  A crimson imp (D:6)
  2 hounds
  A jelly (D:5)
  An iguana (D:6)
  An orc wizard (D:3)
  3 worker ants
  A hound zombie (D:6)
  12 adders
  A river rat (D:5)
  2 shadow imps
  An ooze (D:2)
  An adder zombie (D:6)
  2 dart slugs
  6 leopard geckos
  7 orcs
  4 giant cockroaches
  9 goblins
  5 hobgoblins
  5 jackals (D:4)
  A quokka (D:3)
  3 ball pythons
  3 bats
  3 frilled lizards
  7 kobolds
  12 rats
112 creatures vanquished.

Notes
Turn   | Place    | Note
-------+----------+-------------------------------------------
     0 | D:1      | Amnesiac the Demigod Transmuter began the quest for the
                  | Orb.
     0 | D:1      | Reached XP level 1. HP: 15/15 MP: 5/5
   218 | D:1      | Reached skill level 1 in Fighting
   218 | D:1      | Reached skill level 2 in Transmutations
   384 | D:1      | Reached XP level 2. HP: 21/23 MP: 5/7
   388 | D:1      | Learned a level 2 spell: Sticks to Snakes
   388 | D:1      | Upgraded the game from 0.23-a0-242-g2b5ca64 to
                  | 0.23-a0-261-g133332c
   435 | D:1      | Found a shattered altar of Ashenzari.
  1029 | D:2      | Found a burning altar of Makhleb.
  1064 | D:2      | Reached XP level 3. HP: 19/28 MP: 6/8
  1184 | D:2      | Learned a level 3 spell: Spider Form
  1393 | D:2      | Reached skill level 3 in Transmutations
  1406 | D:2      | Noticed Sigmund
  1568 | D:2      | Killed Sigmund
  1568 | D:2      | Reached skill level 4 in Transmutations
  1568 | D:2      | Reached XP level 4. HP: 35/35 MP: 7/11
  1568 | D:2      | Reached XP level 5. HP: 40/40 MP: 7/12
  2490 | D:3      | Found a snail-covered altar of Cheibriados.
  2974 | D:3      | Found a white marble altar of Elyvilon.
  3420 | D:4      | Noticed a slave
  3420 | D:4      | Noticed a slave
  3454 | D:3      | Reached XP level 6. HP: 37/47 MP: 4/14
  3748 | D:4      | Found a shimmering altar of Xom.
  3785 | D:4      | Noticed Blork the orc
  3795 | D:5      | Entered Level 5 of the Dungeon
  3875 | D:4      | Killed Blork the orc
  3875 | D:4      | Reached skill level 5 in Transmutations
  3919 | D:4      | Found a staircase to the Ecumenical Temple.
  4037 | D:4      | Noticed Pikel
  4054 | D:4      | Killed Pikel
  4054 | D:4      | Reached skill level 6 in Transmutations
  4054 | D:4      | Reached XP level 7. HP: 52/52 MP: 13/17
  4350 | D:4      | Noticed Grinder
  4357 | D:4      | Paralysed by Grinder for 7 turns
  4393 | D:4      | Killed Grinder
  4393 | D:4      | Reached skill level 7 in Transmutations
  4527 | D:4      | Noticed Menkaure
  4544 | D:5      | Learned a level 5 spell: Blade Hands
  4699 | D:4      | Killed Menkaure
  4699 | D:4      | Reached XP level 8. HP: 29/59 MP: 13/18
  4729 | D:5      | Found a blossoming altar of Fedhas.
  4907 | D:5      | Found a sacrificial altar of Ru.
  4934 | D:5      | Found a glowing golden altar of the Shining One.
  4966 | D:5      | Found an iron altar of Okawaru.
  4995 | D:5      | Found a runed door.
  5006 | D:5      | Noticed galech's ghost (novice DsFi)
  5035 | D:5      | Killed galech's ghost
  5035 | D:5      | Reached skill level 5 in Spellcasting
  5035 | D:5      | Reached skill level 8 in Transmutations
  5047 | D:5      | Found a runed door.
  5196 | D:5      | Found an opulent altar of Gozag.
  5690 | D:5      | Found a hazy altar of Hepliaklqana.
  5832 | D:6      | Found a transporter.
  5838 | D:6      | Noticed TheNamelessOne's ghost (novice MiHu)
  5874 | D:6      | Found a transporter.
  5988 | D:6      | Learned a level 4 spell: Ice Form
  6003 | D:6      | Noticed Eustachio
  6022 | D:6      | Killed Eustachio
  6022 | D:6      | Reached skill level 1 in Armour
  6574 | D:7      | Reached XP level 9. HP: 68/68 MP: 17/20
  6578 | D:7      | Noticed Harold
  6591 | D:7      | Collided with an adder

Vault maps used:
D:1:      elethiomel_arrival_quiet, evilmike_ruin_ashenzari
D:2:      overflow_temple_1_default, first_ration, kennysheep_cross_room,
          hangedman_glass_teeth, uniq_sigmund
D:3:      overflow_temple_1_default, kennysheep_slug_shrine, grunt_ministairs_8
D:4:      xom_teletrap_fun, minmay_temple_entry_glass, uniq_grinder,
          uniq_menkaure, uniq_blork_the_orc, uniq_pikel
D:5:      okawaru_metal_pillars_3, nicolae_overflow_quartered_altars,
          fedhas_altar_1, ebering_ghost_sewer_f
D:6:      gammafunk_ghost_stat_death, uniq_eustachio
D:7:      nicolae_overflow_hidden_temple, abandoned_shop, uniq_prince_ribbit1,
          uniq_harold

Skill      XL: |  1  2  3  4  5  6  7  8 |
---------------+-------------------------+-----
Fighting       | 1 2 |  2.8
Transmutations | 2 4 6 7 8 |  8.5
Dodging        | 2 |  2.0
Spellcasting   | 2 3 4 5 |  5.5
Unarmed Combat | 3 4 |  4.9
Armour         | 2 |  2.0

Action                   |  1- 3 |  4- 6 |  7- 9 || total
-------------------------+-------+-------+-------++-------
Melee: Unarmed           |    79 |   115 |   136 ||   330
       Headbutt          |     5 |       |       ||     5
       Kick              |     6 |       |       ||     6
       Punch             |     1 |       |     2 ||     3
 Cast: Beastly Appendage |    20 |       |       ||    20
       Spider Form       |     6 |    27 |     5 ||    38
       Blade Hands       |       |       |    14 ||    14
       Sticks to Snakes  |       |       |     1 ||     1
Evoke: Wand              |       |       |     2 ||     2
  Use: Scroll            |       |       |     9 ||     9
 Stab: Sleeping          |     1 |     1 |       ||     2
       Distracted        |       |       |     1 ||     1
  Eat: Chunk             |     3 |    11 |    11 ||    25
       Ration            |       |       |     1 ||     1
Armor: Robe              |     7 |     9 |     4 ||    20
       Skin              |     1 |     7 |     2 ||    10
       Ring mail         |       |       |    29 ||    29
Dodge: Dodged            |    41 |    96 |   101 ||   238

Table legend:
 A = Non-vault XP
 B = Vault XP
 C = Vault XP percentage of total XP
 D = Non-vault monster count
 E = Vault monster count
 F = Vault count percentage of total count
                 A         B        C        D         E       F
            +---------+---------+-------+---------+---------+-------
      Total |    1335 |    2230 |  62.6 |      96 |      13 |  11.9
            +---------+---------+-------+---------+---------+-------
        D:1 |      38 |       0 |   0.0 |      24 |       0 |   0.0
        D:2 |      68 |     227 |  76.9 |      15 |       1 |   6.2
        D:3 |     109 |       6 |   5.2 |      19 |       2 |   9.5
        D:4 |      51 |    1199 |  95.9 |       9 |       4 |  30.8
        D:5 |     138 |     607 |  81.5 |       7 |       5 |  41.7
        D:6 |     396 |     191 |  32.5 |      13 |       1 |   7.1
        D:7 |     535 |       0 |   0.0 |       9 |       0 |   0.0
            +---------+---------+-------+---------+---------+-------
